 Dungeon Crawl Stone Soup version 0.29.1-1-gd02db6906a (webtiles) character file.

Game seed: 1354363011738231782

448 vvl the Stinger (level 6, -6/39 (44) HPs)
             Began as a Demonspawn Venom Mage on Oct 6, 2022.
             Mangled by an orc priest
             ... wielding a +0 war axe
              (7 damage)
             ... on level 4 of the Dungeon.
             The game lasted 00:07:30 (4885 turns).

vvl the Stinger (Demonspawn Venom Mage)             Turns: 4885, Time: 00:07:30

HP:   -6/39 (44)    AC:  7    Str:  8    XL:     6   Next: 73%
MP:   3/10          EV: 12    Int: 18    God:
Gold: 260           SH:  4    Dex: 16    Spells: 5/10 levels left

rFire   . . .      SeeInvis +   e - +0 short sword
rCold   . . .      Faith    .   g - +0 buckler
rNeg    . . .      Spirit   .   l - +0 leather armour
rPois   .          Reflect  .   (no helmet)
rElec   .          Harm     .   o - +0 cloak
rCorr   .          Rampage  .   (no gloves)
Will    .....                   c - +2 pair of boots
Stlth   +++.......              (no amulet)
HPRegen 0.13/turn               p - ring of see invisible
MPRegen 0.12/turn               (no ring)

@: very slightly contaminated, heavily drained
A: thin skeletal structure 1, demonic magic 1, weakness stinger 1
a: no special abilities


You were on level 4 of the Dungeon.
You visited 1 branch of the dungeon, and saw 6 of its levels.

You collected 260 gold pieces.

Inventory:

Hand Weapons
 e - a +0 short sword (weapon)
Armour
 c - a +2 pair of boots (worn)
 g - a +0 buckler (worn)
 l - a +0 leather armour (worn)
 o - a +0 cloak (worn)
Jewellery
 p - a ring of see invisible (left hand)
 q - a ring of wizardry
Scrolls
 f - a scroll of magic mapping {unknown}
 k - 3 scrolls of identify {unknown}
 m - a scroll of blinking {unknown}
 n - a scroll of brand weapon {unknown}
 r - a scroll of immolation {unknown}
 s - a scroll of teleportation {unknown}
Potions
 a - 2 potions of heal wounds {unknown}
 b - a potion of magic
 d - 2 potions of curing {unknown}
 h - a potion of degeneration {unknown}
 i - 4 potions of lignification {unknown}
 j - a potion of ambrosia {unknown}
 t - a potion of invisibility {unknown}


   Skills:
 + Level 2.0 Fighting
 + Level 1.5 Armour
 + Level 2.8 Dodging
 + Level 2.8 Stealth
 + Level 1.4 Shields
 + Level 2.9 Spellcasting
 + Level 0.5 Conjurations
 + Level 0.2 Necromancy
 + Level 2.1 Transmutations
 + Level 0.2 Fire Magic
 + Level 4.3 Poison Magic


You had 5 spell levels left.
You knew the following spells:

 Your Spells              Type           Power      Damage    Failure   Level
a - Sting                 Tmut/Pois      56%        1d5       9%          1
b - Olgreb's Toxic Radia  Pois           18%        N/A       45%         4

Your spell library contained the following spells:

 Spells                   Type           Power      Damage    Failure   Level
 Poisonous Vapours        Pois/Air       20%        N/A       19%         2
 Sublimation of Blood     Necr           3%         N/A       38%         2
 Mephitic Cloud           Conj/Pois/Air  8%         N/A       43%         3
 Petrify                  Tmut/Erth      6%         N/A       90%         4
 Irradiate                Conj/Tmut      3%         3d12      99%         5


Dungeon Overview and Level Annotations

Branches:
Dungeon (6/15)
 Temple: D:4-7

Altars:
Cheibriados
Fedhas

Shops:
D:4 *

Annotations:
D:5 Prince Ribbit


Innate Abilities, Weirdness & Mutations

You have a somewhat thin skeletal structure. (Dex +2, Stealth+)
Spells you cast may paralyse adjacent enemies.
You have a small tail.


Message History

The orc looks even sicker.
The orc wizard looks even sicker.
The orc looks even sicker. x2
Your toxic aura wanes.
You feel sick.
You kill the orc!
You hit the orc. You tail-slap the orc.
You kill the orc!
You feel sick.
You kill the orc! x2
You feel sick.
You are no longer poisoned.
You kill the orc!
The orc wizard hits you but does no damage.
Things that are here:
a +2 antimagic whip; an orc corpse You closely miss the orc wizard.
The orc wizard is severely wounded.
The orc wizard hits you but does no damage.
You hit the orc priest.
Your tail-slap misses the orc priest.
The orc priest is heavily wounded.
The orc priest closely misses you.
The orc wizard hits you but does no damage.
You hit the orc priest.
The orc priest is severely wounded.
The orc priest hits you with a +0 war axe!
The orc wizard completely misses you.
You hit the orc priest.
The orc priest is almost dead.
The orc priest hits you with a +0 war axe.
* * * LOW HITPOINT WARNING * * *
The orc wizard closely misses you.
You completely miss the orc priest.
The orc priest is almost dead.
The orc priest invokes the aid of Beogh against you.
Beogh smites you!
* * * LOW HITPOINT WARNING * * *
The orc wizard hits you with a +0 dagger.
* * * LOW HITPOINT WARNING * * *
The orc priest hits you with a +0 war axe!
You die...

.###.###..... ..#
.# #......## #.#
.###.####.# #.#
....## #.# ...##
.## #.# .###
....### #.# †#
###....###.#######
.##
.................#
..#####
#.....@.#.#####.#
......# #.~..o≈o#.#
#.# .####.#
#.......#.# #.# .#
#.#
#...)..)#.#####.###
.# #.#
#.......#.........#
.####.#
#.~...~.#.#..##.#.#
...##.#
#.......#....##.#.#
...##.#
##.....##...###.#.#
......# #.## #.#.#


You could see an orc priest (very poisoned) and an orc wizard (invisible, very
poisoned).

Vanquished Creatures
  Grinder (D:3)
  A necrophage (D:4)
  A hound (D:6)
  An orc wizard (D:4)
  A gnoll (D:1)
  6 adders
  A dart slug (D:1)
  3 worms
  13 orcs
  9 endoplasms
  4 hobgoblins
  6 kobolds
  3 quokkas
  6 ball pythons
  3 bats
  A frilled lizard (D:1)
  3 goblins
  5 rats
68 creatures vanquished.

Vanquished Creatures (others)
  2 withered plants (D:6)
2 creatures vanquished.

Grand Total: 70 creatures vanquished

Notes
Turn   | Place    | Note
-------+----------+-------------------------------------------
     0 | D:1      | vvl the Demonspawn Venom Mage began the quest for the Orb.
     0 | D:1      | Reached XP level 1. HP: 13/13 MP: 3/3
   117 | D:1      | Reached skill level 1 in Transmutations
   161 | D:1      | Gained mutation: You have a somewhat thin skeletal
                  | structure. (Dex +2, Stealth+) [demonic ancestry]
   161 | D:1      | Reached XP level 2. HP: 19/19 MP: 5/5
   651 | D:1      | Reached XP level 3. HP: 18/25 MP: 4/6
  1653 | D:2      | Reached skill level 1 in Fighting
  1653 | D:2      | Gained mutation: Spells you cast may paralyse adjacent
                  | enemies. [demonic ancestry]
  1653 | D:2      | Reached XP level 4. HP: 32/32 MP: 4/7
  2797 | D:3      | You fall into a shaft and drop 3 floors!
  2917 | D:5      | Entered Level 5 of the Dungeon
  2965 | D:5      | Noticed Prince Ribbit
  3496 | D:3      | Noticed Grinder
  3511 | D:3      | Killed Grinder
  3512 | D:3      | Reached skill level 1 in Armour
  3512 | D:3      | Reached skill level 1 in Shields
  3512 | D:3      | Reached skill level 4 in Poison Magic
  3512 | D:3      | Gained mutation: You have a small tail. [demonic ancestry]
  3512 | D:3      | Reached XP level 5. HP: 28/38 MP: 1/9
  3512 | D:3      | Reached XP level 6. HP: 32/44 MP: 1/10
  3724 | D:3      | Found a snail-covered altar of Cheibriados.
  4303 | D:4      | Found Ocsah's Overcharged Wands.
  4508 | D:4      | Learned a level 4 spell: Olgreb's Toxic Radiance
  4519 | D:4      | Found a blossoming altar of Fedhas.
  4885 | D:4      | HP: 1/39 [orc wizard/+0 dagger (1)]
  4885 | D:4      | Mangled by an orc priest

Illustrated notes

Levels and vault maps discovered:
D:1:      dpeg_arrival_rooms_with_view, layout_rooms,
          wad_floor_pattern_untrapped
D:2:      layout_basic, serial_park_tiny_2
D:3:      layout_basic, mainiacjoe_overflow_catwalk, uniq_grinder
D:4:      cheibrodos_pilgrimage, layout_loops_ring,
          mainiacjoe_overflow_six_doors_small, nicolae_shop_overcharged_wands
D:5:      layout_cave_pools, grunt_dithmenos_smoke_and_mirrors,
          nicolae_wu_jian_wuxing_cycle, nicolae_hepliaklqana_monster_ancestors,
          uniq_prince_ribbit1
D:6:      layout_basic, kennysheep_mini, serial_undead, serial_undead_c,
          serial_undead_f, serial_undead_c, serial_undead_d,
          nicolae_lava_and_water, hangedman_decor_push,
          chequers_serial_rivers_small_3, minmay_holes

Skill      XL: |  1  2  3  4  5  6 |
---------------+-------------------+-----
Transmutations | 1 2 |  2.1
Dodging        | 2 |  2.8
Stealth        | 2 |  2.8
Fighting       | 1 2 |  2.0
Armour         | 1 |  1.5
Shields        | 1 |  1.4
Poison Magic   | 4 |  4.3
Spellcasting   | |  2.9
Conjurations   | |  0.5
Necromancy     | |  0.2
Fire Magic     | |  0.2

Action                   |  1- 3 |  4- 6 || total
-------------------------+-------+-------++-------
Melee: Short sword       |    61 |   105 ||   166
       Unarmed           |     2 |       ||     2
       Punch             |     1 |       ||     1
       Tailslap          |       |    10 ||    10
 Cast: Sting             |    49 |    48 ||    97
       Olgreb's Toxic Ra |       |     1 ||     1
 Stab: Sleeping          |     1 |     4 ||     5
       Distracted        |     1 |       ||     1
       Paralysed         |       |    12 ||    12
Armor: Robe              |    20 |       ||    20
       Leather armour    |     6 |    36 ||    42
Dodge: Dodged            |    46 |    53 ||    99
Block: Buckler           |     6 |    16 ||    22
